 Dungeon Crawl Stone Soup version 0.23-a0-141-g456867d (webtiles) character file.

88 Amnesiac the Vexing (level 4, -12/32 HPs)
             Began as a Mummy Arcane Marksman on Aug 31, 2018.
             Mangled by an orc warrior
             ... wielding a +0 hand axe
              (14 damage)
             ... on level 1 of the Dungeon.
             The game lasted 00:02:45 (2042 turns).

Amnesiac the Vexing (Mummy Arcane Marksman)         Turns: 2042, Time: 00:02:45

Health: -12/32     AC:  3    Str: 13    XL:     4   Next: 29%
Magic:  4/8        EV: 12    Int: 13    God:
Gold:   61         SH:  0    Dex: 12    Spells: 2/9 levels left

rFire    x . .     SeeInvis .   a - +0 hand crossbow
rCold    + . .     Gourm    .   (no shield)
rNeg     + + +     Faith    .   e - +0 robe
rPois    ∞         Spirit   .   (no helmet)
rElec    .         Reflect  .   (no cloak)
rCorr    .         Harm     .   j - +0 pair of gloves
MR       .....                  (no boots)
Stlth    +.........             (no amulet)
HPRegen  0.10/turn              (no ring)
MPRegen  0.11/turn              (no ring)

@: very slightly contaminated
A: no food or potions, fire vulnerability, cold resistance 1, negative energy
resistance 3, torment resistance, unbreathing
a: no special abilities


You were on level 1 of the Dungeon.
You were not hungry.

You visited 1 branch of the dungeon, and saw 2 of its levels.

You collected 61 gold pieces.

Inventory:

Hand Weapons
 a - a +0 hand crossbow (weapon)
 b - a +0 spear
Missiles
 d - 10 bolts (quivered)
Armour
 e - a +0 robe (worn)
 i - a +0 ring mail
 j - a +0 pair of gloves (worn)
Scrolls
 c - a scroll of remove curse {!r}
 h - a scroll of enchant armour {!r}


   Skills:
 - Level 1.0 Fighting
 - Level 1.5 Crossbows
 - Level 1.5 Dodging
 + Level 3.0 Spellcasting
 * Level 4.1 Hexes


You had 2 spell levels left.
You knew the following spells:

 Your Spells              Type           Power        Failure   Level  Hunger
a - Corona                Hex            ##.....      4%          1    N/A
b - Cause Fear            Hex            ##........   38%         4    N/A
e - Slow                  Hex            ##......     6%          2    N/A

Your spell library contained the following spells:

 Spells                   Type           Power        Failure   Level  Hunger
 Inner Flame              Hex/Fire       #.......     28%         3    N/A
 Portal Projectile        Hex/Tloc       #.....       28%         3    N/A
 Leda's Liquefaction      Hex/Erth       #.........   67%         4    N/A

Dungeon Overview and Level Annotations

Branches:
Dungeon (2/15)

Altars:
Zin


Innate Abilities, Weirdness & Mutations

You do not eat or drink.
Your flesh is vulnerable to fire.
You are immune to poison.
Your flesh is cold resistant. (rC+)
You are immune to negative energy. (rN+++)
You are immune to unholy pain and torment.
You can survive without breathing.


Message History

Firing (i - inventory)
d - 12 bolts (quivered)
Press: ? - help, Shift-Dir - straight line, f/p - orc
Aim: an orc, wielding a hand axe (heavily wounded)
You shoot a bolt. The bolt barely misses the orc.
The orc shouts!
Firing (i - inventory)
d - 11 bolts (quivered)
Press: ? - help, Shift-Dir - straight line, f/p - orc
Aim: an orc, wielding a hand axe (heavily wounded)
You shoot a bolt.
The bolt hits the orc but does no damage.
The orc is heavily wounded.
The orc closely misses you.
Firing (i - inventory)
d - 10 bolts (quivered)
Press: ? - help, Shift-Dir - straight line, f/p - orc
Aim: an orc, wielding a hand axe (heavily wounded)
You shoot a bolt. The bolt closely misses the orc.
The bolt hits the orc!
You kill the orc!
The orc hits you but does no damage.
Firing (i - inventory)
d - 9 bolts (quivered)
Press: ? - help, Shift-Dir - straight line, f/p - orc
Aim: an orc, wielding a hand axe (heavily wounded)
You shoot a bolt. The bolt hits the orc!
You kill the orc!
No target in view!
You start resting.
HP restored.
d - 9 bolts (gained 1)
Things that are here:
a hand axe; an orc corpse
d - 10 bolts (gained 1)
The orc warrior is too close now for your liking.
An orc warrior is nearby!
An orc warrior is nearby!
The orc warrior shouts!
Things that are here:
a hand axe; an orc corpse
Things that are here:
a flail; an orc skeleton
There is a stone staircase leading up here.
You start resting.
The orc warrior is too close now for your liking.
Casting: Slow (safe; 6% risk of failure)
Confirm with . or Enter, or press ? or * to list all spells.
Aiming: Slow (safe; 6% risk of failure)
Press: ? - help, Shift-Dir - straight line, f - orc warrior
Aim: an orc warrior, wielding a hand axe and wearing a plate armour (chance to You miscast Slow.
You are very lightly contaminated with residual magic.
Your skin glows momentarily.
Unknown command.
Casting: Slow (safe; 6% risk of failure)
Confirm with . or Enter, or press ? or * to list all spells.
Aiming: Slow (safe; 6% risk of failure)
Press: ? - help, Shift-Dir - straight line, f/p - orc warrior
Aim: an orc warrior, wielding a hand axe and wearing a plate armour (chance to The orc warrior resists with some effort.
The orc warrior hits you with a hand axe!
The orc warrior hits you with a hand axe!
Ouch! That really hurt!
* * * LOW HITPOINT WARNING * * *
You climb upwards.
There is a stone staircase leading down here.
The orc warrior hits you with a hand axe!
You die...

.....#####........#.....#.#..[.##
#############.....#.###.#.##.#...
.........#.......(#####.#.##.###.
.#######.#...........##.#.##)###.
.#.[.......##...>###.##.#.##...÷.
......#.....#†#)......#.#.#######
##.##.#######.######..#.#.#
...##.........#>...#..#.#.#
#..#.....##.###o@..#..#.#.#
#..#.###.##.# #....#..#)#.#
...#.#...##.# #....#....#(#
...#.#.####.###.......###.#
...#.................####.#
..........!........#....#.#
........###.##.....#......#
#.#.!#..# #.##.###.#....###
#.#..#.># #.##.###.#....## ####


You could see an orc warrior.

Vanquished Creatures
  An orc priest (D:2)
  An adder (D:1)
  2 dart slugs (D:2)
  A leopard gecko (D:1)
  3 orcs (D:2)
  6 bats
  A giant cockroach (D:1)
  9 goblins
  5 hobgoblins
  2 quokkas (D:2)
  A frilled lizard (D:1)
  3 kobolds (D:1)
  2 rats
37 creatures vanquished.

Notes
Turn   | Place    | Note
-------+----------+-------------------------------------------
     0 | D:1      | Amnesiac the Mummy Arcane Marksman began the quest for the
                  | Orb.
     0 | D:1      | Reached XP level 1. HP: 15/15 MP: 2/2
    66 | D:1      | Reached skill level 3 in Hexes
   104 | D:1      | Reached XP level 2. HP: 21/21 MP: 4/4
   859 | D:2      | Reached XP level 3. HP: 8/26 MP: 6/6
  1026 | D:2      | Learned a level 2 spell: Slow
  1353 | D:2      | Found a glowing silver altar of Zin.
  1728 | D:2      | Noticed an orc warrior
  1761 | D:2      | Reached skill level 4 in Hexes
  1761 | D:2      | Reached XP level 4. HP: 6/32 MP: 0/8
  1772 | D:2      | Learned a level 4 spell: Cause Fear
  2040 | D:2      | HP: 1/32 [orc warrior/hand axe (16)]
  2042 | D:1      | Mangled by an orc warrior

Vault maps used:
D:1:      lightli_iron_boxes, minivault_19
D:2:      grunt_temple_overflow_gold_and_silver, kennysheep_generic_room_10,
          uniq_jessica

Skill      XL: |  1  2  3 |
---------------+----------+-----
Hexes          | 3 4 |  4.1
Spellcasting   | 2 3 |  3.0
Fighting       | |  1.0
Crossbows      | |  1.5
Dodging        | |  1.5

Action                   |  1- 3 |  4- 6 || total
-------------------------+-------+-------++-------
Melee: Spear             |    93 |       ||    93
 Fire: Hand crossbow     |    36 |    11 ||    47
 Cast: Slow              |     6 |     1 ||     7
       Corona            |     3 |       ||     3
  Use: Scroll            |     3 |       ||     3
 Stab: Sleeping          |     1 |       ||     1
Armor: Robe              |    26 |     1 ||    27
Dodge: Dodged            |    80 |     1 ||    81

Table legend:
 A = Non-vault XP
 B = Vault XP
 C = Vault XP percentage of total XP
 D = Non-vault monster count
 E = Vault monster count
 F = Vault count percentage of total count
                 A         B        C        D         E       F
            +---------+---------+-------+---------+---------+-------
      Total |     126 |       0 |   0.0 |      37 |       0 |   0.0
            +---------+---------+-------+---------+---------+-------
        D:1 |      52 |       0 |   0.0 |      23 |       0 |   0.0
        D:2 |      74 |       0 |   0.0 |      14 |       0 |   0.0
            +---------+---------+-------+---------+---------+-------
